 Dungeon Crawl Stone Soup version 0.19.3-4-gbf9329e (webtiles) character file.

1608 Megalobster the Destroyer (level 8, -5/44 HPs)
             Began as a Deep Elf Conjurer on Jan 30, 2017.
             Killed from afar by an electric eel (13 damage)
             ... with a bolt of electricity
             ... on level 5 of the Dungeon.
             The game lasted 00:31:51 (7199 turns).

Megalobster the Destroyer (Deep Elf Conjurer)       Turns: 7199, Time: 00:31:51

Health: -5/44      AC:  2    Str:  7    XL:     8   Next: 63%
Magic:  16/21      EV: 13    Int: 23    God:
Gold:   95         SH:  0    Dex: 15    Spells: 6 memorised, 3 levels left

rFire  . . .     SeeInvis .     u - -3 short sword (curse)
rCold  . . .     Gourm    .     F - +0 robe
rNeg   . . .     Faith    .     (no shield)
rPois  +         Spirit   .     (no helmet)
rElec  .         Reflect  .     (no cloak)
rCorr  .         Harm     .     (no gloves)
MR     .....                    (no boots)
Stlth  ++........               (no amulet)
                                E - ring of poison resistance
                                z - +2 ring of strength

@: no status effects
A: no striking features
a: no special abilities


You were on level 5 of the Dungeon.
You were not hungry.

You visited 1 branch of the dungeon, and saw 5 of its levels.
You also visited: Sewer.

You collected 293 gold pieces.
You spent 198 gold pieces at shops.

Inventory:

Hand Weapons
 d - a +0 short sword
 g - a +2 mace of draining
 l - a +1 dagger of protection
 s - a +6 scythe of protection
 u - a cursed -3 short sword (weapon)
 v - a +0 whip of venom
Missiles
 e - 89 stones (quivered)
Armour
 a - a +1 robe
 n - a +0 robe
 t - a +0 robe
 F - a +0 robe (worn)
Jewellery
 z - a +2 ring of strength (left hand)
 E - a ring of poison resistance (right hand)
Wands
 y - a wand of polymorph (17/24)
 C - a wand of lightning (8/15)
Scrolls
 f - 2 scrolls of teleportation
 h - 6 scrolls of enchant armour
 i - 2 scrolls of recharging
 k - 7 scrolls of identify
 m - 3 scrolls of remove curse
 x - a scroll of blinking
 D - a scroll of fear {unknown}
 G - a scroll of fog {unknown}
Potions
 j - 4 potions of flight {unknown}
 p - a potion of resistance {unknown}
 q - 4 potions of heal wounds {unknown}
 r - a potion of lignification {unknown}
 w - 2 potions of berserk rage {unknown}
 A - 2 potions of haste {unknown}
 B - a potion of curing {unknown}
Books
 b - a book of Conjurations

   Spells                             Type                      Level
   a - Magic Dart                     Conjuration                  1
   b - Searing Ray                    Conjuration                  2
   c - Dazzling Spray                 Conjuration/Hexes            3
   d - Fulminant Prism                Conjuration/Hexes            4
   e - Iskenderun's Mystic Blast      Conjuration                  4
   f - Iskenderun's Battlesphere      Conjuration/Charms           5
Comestibles
 c - 3 bread rations
 o - a royal jelly


   Skills:
 + Level 2.0 Fighting
 - Level 2.4 Dodging
 - Level 2.4 Stealth
 + Level 7.5 Spellcasting
 * Level 8.7 Conjurations
 * Level 8.6 Charms


You had 3 spell levels left.
You knew the following spells:

 Your Spells              Type           Power        Failure   Level  Hunger
a - Magic Dart            Conj           ####         1%          1    None
b - Searing Ray           Conj           #####.       1%          2    None
c - Iskenderun's Battles  Conj/Chrm      #####...     8%          5    #####..
d - Iskenderun's Mystic   Conj           #####...     1%          4    ###....
e - Dazzling Spray        Conj/Hex       ####..       4%          3    None
f - Fulminant Prism       Conj/Hex       ####......   14%         4    ###....


Dungeon Overview and Level Annotations

Branches:
Dungeon (5/15)
 Temple: D:4-7

Altars:
Cheibriados
Kikubaaqudgha
Nemelex Xobeh
Yredelemnul

Shops:
D:4 ?


Message History

There is an open door here.
The electric eel shoots out a bolt of lightning at you!
The bolt of electricity hits the electric eel.
The electric eel completely resists.
The bolt of electricity hits the plant.
The bolt of electricity hits you!
The electric eel shoots out a bolt of lightning at you!
The bolt of electricity hits the plant.
The bolt of electricity hits you!
* * * LOW HITPOINT WARNING * * *
Casting: Iskenderun's Battlesphere
Confirm with . or Enter, or press ? or * to list all spells.
Aiming: Dazzling Spray
Press: ? - help, Shift-Dir - straight line, f - electric eel
Aim: an electric eel (water, moderately wounded)
Okay, then.
You swap places.
The electric eel shoots out a bolt of lightning at you!
The bolt of electricity hits the electric eel.
The electric eel completely resists.
The bolt of electricity hits the plant.
The bolt of electricity hits you!
You die...

# #....###### #.##.# #
#.#'##≈.$P. #..#.#
#.#.#≈≈?.≈. +#.#.##
#.#.#;≈.P.. #.#..#
#.#.#≈;≈P≈. #≈##.##
###.#≈##≈!)P. #≈≈#..#
..#.##≈##########≈##.#
..#..##≈##≈.)P..#..#.#
..##..#.#;;.P...@#.#.#
..###.#.#≈.≈†..*.#.#.#
..# #.#.#≈≈!.P...#≈#.#
..###.#.##≈≈?...##≈#.#
......##.########.##.#
..###..##≈≈≈≈....##..#
..#.....###########.##
###.###.............#
.......#.###.......###


You could see 2 electric eels and a friendly battlesphere.

Vanquished Creatures
  Grinder (D:5)
  Sigmund (D:3)
  A necrophage (D:5)
  An ice beast (D:5)
  2 ogres
  A centaur (D:5)
  A big kobold (Sewer)
  2 scorpions
  An electric eel (D:5)
  A howler monkey (D:5)
  A crimson imp (D:5)
  3 orc priests
  5 orc wizards
  An iguana (D:4)
  Ijyb (D:3)
  A worker ant (D:5)
  Terence (D:3)
  6 adders
  2 river rats
  A shadow imp (D:5)
  5 worms
  4 dart slugs
  6 leopard geckos
  24 orcs
  7 bats
  7 giant cockroaches
  5 goblins
  12 hobgoblins
  7 jackals
  2 ball pythons (D:1)
  6 frilled lizards
  A jackal skeleton (D:5)
  12 kobolds
  13 rats
145 creatures vanquished.

Vanquished Creatures (others)
  2 fulminant prisms (D:5)
2 creatures vanquished.

Grand Total: 147 creatures vanquished

Notes
Turn   | Place    | Note
-------+----------+-------------------------------------------
     0 | D:1      | Megalobster the Deep Elf Conjurer began the quest for the Orb.
     0 | D:1      | Reached XP level 1. HP: 10/10 MP: 6/6
   383 | D:1      | Reached XP level 2. HP: 15/15 MP: 6/8
   387 | D:1      | Learned a level 2 spell: Searing Ray
   593 | D:1      | Reached skill level 5 in Conjurations
  1049 | D:1      | Reached XP level 3. HP: 19/19 MP: 6/10
  1407 | D:2      | Found a sparkling altar of Nemelex Xobeh.
  2248 | D:2      | Reached XP level 4. HP: 24/24 MP: 6/12
  2450 | D:3      | Noticed Sigmund
  2455 | D:3      | Killed Sigmund
  2455 | D:3      | Reached skill level 5 in Spellcasting
  2455 | D:3      | Reached XP level 5. HP: 16/28 MP: 5/14
  2673 | D:3      | Noticed Ijyb
  2680 | D:3      | Killed Ijyb
  2825 | D:3      | Reached XP level 6. HP: 32/32 MP: 10/16
  2832 | D:3      | Learned a level 5 spell: Iskenderun's Battlesphere
  2837 | D:3      | Learned a level 4 spell: Iskenderun's Mystic Blast
  2841 | D:3      | Learned a level 3 spell: Dazzling Spray
  3093 | D:3      | Reached skill level 1 in Charms
  3404 | D:3      | Found a snail-covered altar of Cheibriados.
  3571 | D:3      | Noticed Terence
  3683 | D:3      | Killed Terence
  3887 | D:4      | Found a basalt altar of Yredelemnul.
  3936 | D:4      | Found Fauteso's Magic Scroll Shoppe.
  3939 | D:4      | Bought a scroll of identify for 24 gold pieces
  3939 | D:4      | Bought a scroll of remove curse for 36 gold pieces
  3939 | D:4      | Bought a scroll of blinking for 90 gold pieces
  3939 | D:4      | Bought 2 scrolls of identify for 48 gold pieces
  4058 | D:4      | Reached XP level 7. HP: 36/36 MP: 11/17
  4322 | D:4      | Found a glowing drain.
  4326 | Sewer    | Entered a sewer
  4469 | Sewer    | Reached skill level 5 in Charms
  4610 | Sewer    | Found a white marble altar of Elyvilon.
  5336 | D:5      | Entered Level 5 of the Dungeon
  5444 | D:5      | Found an ancient bone altar of Kikubaaqudgha.
  6052 | D:5      | Reached skill level 1 in Fighting
  6052 | D:5      | Reached XP level 8. HP: 14/43 MP: 10/19
  6234 | D:5      | Learned a level 4 spell: Fulminant Prism
  6242 | D:5      | Noticed Grinder
  6242 | D:5      | Paralysed by Grinder for 6 turns
  6251 | D:5      | Killed Grinder
  7199 | D:5      | Killed from afar by an electric eel

Skill      XL: |  1  2  3  4  5  6  7  8 |
---------------+-------------------------+-----
Conjurations   | 5 6 7 8 |  8.7
Spellcasting   | 4 5 6 7 |  7.5
Charms         | 4 6 8 |  8.6
Fighting       | 1 2 |  2.0
Dodging        | |  2.4
Stealth        | |  2.4

Action                   |  1- 3 |  4- 6 |  7- 9 || total
-------------------------+-------+-------+-------++-------
Melee: Mace              |    21 |       |       ||    21
       Scythe            |       |    12 |       ||    12
 Cast: Magic Dart        |    87 |    64 |    61 ||   212
       Searing Ray       |     3 |    13 |    24 ||    40
       Dazzling Spray    |       |     2 |     1 ||     3
       Iskenderun's Myst |       |     1 |     1 ||     2
       Iskenderun's Batt |       |       |    12 ||    12
       Fulminant Prism   |       |       |     2 ||     2
Evoke: Wand              |       |       |     1 ||     1
  Use: Scroll            |       |     4 |       ||     4
 Stab: Sleeping          |       |     1 |       ||     1
  Eat: Chunk             |     4 |     6 |    11 ||    21
       Beef jerky        |       |       |     1 ||     1
Armor: Robe              |     2 |     3 |     3 ||     8
Dodge: Dodged            |    14 |    14 |    16 ||    44
